Map: [ESL] Gresvan

Players

ForJumY

  • Race: Protoss Protoss
  • Spawn Location: 11:00

Harstem - Winner!

  • Race: Protoss Protoss
  • League: Master
  • Spawn Location: 5:00

Event: HomeStory Cup XXIII

VOD

Have the link to the VOD?

Description

Time

  • Played on: June 30, 2023, 8:19 a.m.
  • Length: 4:07

All games in this series

Show
View Real Time Build Order
Export as new Build Order

ForJumY Protoss 

Build Orders:  

Get SALT Encoding   

  12  0:01  Probe  
  13  0:13  Probe  
  14  0:25  Probe  
  15  0:34  Pylon  
  15  0:52  Gateway  
  15  0:53  Gateway  
  15  0:57  Forge  
  15  1:24  Pylon  
  15  1:25  Pylon  
  15  1:39  Zealot x2 (Chrono Boost)  
  15  1:43  Photon Cannon  
  19  1:57  Zealot (Chrono Boost)  
  23  2:01  Pylon  
  23  2:04  Zealot (Chrono Boost)  
  22  2:20  Pylon  
  22  2:30  Pylon  
  20  2:37  Zealot  
  20  2:38  Zealot  
  22  2:48  Photon Cannon  
  22  2:49  Photon Cannon  
  19  3:06  Zealot x2 (Chrono Boost)  
  25  3:38  Photon Cannon  
  25  3:39  Photon Cannon  
  25  3:42  Photon Cannon  
  25  3:47  Photon Cannon  
  23  3:50  Photon Cannon  
  23  3:53  Photon Cannon  
Show
View Real Time Build Order
Export as new Build Order

Harstem Protoss - Winner!

Build Orders:  

Get SALT Encoding   

  12  0:00  Probe  
  13  0:12  Probe  
  14  0:17  Pylon  
  14  0:24  Probe (Chrono Boost)  
  15  0:36  Probe (Chrono Boost), Gateway  
  16  0:43  Probe (Chrono Boost)  
  16  0:46  Assimilator  
  17  0:51  Probe  
  17  0:54  Assimilator  
  18  1:03  Probe (Chrono Boost)  
  19  1:09  Gateway  
  20  1:12  Probe (Chrono Boost)  
  20  1:23  Cybernetics Core  
  21  1:27  Zealot  
  22  1:40  Pylon  
  22  2:02  Adept (Chrono Boost)  
  26  2:15  Pylon  
  26  2:17  Pylon  
  24  2:25  Pylon  
  24  2:35  Adept x2  
  22  2:51  Pylon  
  22  2:55  Probe  
  23  3:07  Probe (Chrono Boost)  
  24  3:19  Probe (Chrono Boost)  
  25  3:22  Stalker  
  25  3:26  Probe (Chrono Boost)  
  28  3:33  Probe  
  28  3:45  Probe  
Tags
 
Add a new tag
Caveats
  • Supply blocks, unpowered buildings, or Contaminate may cause inaccurate times.
  • Supply counts are checked every 10 seconds.